 Dungeon Crawl Stone Soup version 0.27-a0-1136-g0b992a5a9d (webtiles) character file.

Game seed: 15218970684989364425

1 Mesmaeker13 the Caller (level 1, 0/10 HPs)
             Began as a Tengu Summoner on May 5, 2021.
             Slain by a kobold
             ... wielding a +2 short sword of electrocution
              (4 damage)
             ... on level 1 of the Dungeon.
             The game lasted 00:00:16 (212 turns).

Mesmaeker13 the Caller (Tengu Summoner)              Turns: 212, Time: 00:00:16

Health: 0/10       AC:  2    Str:  8    XL:     1   Next: 20%
Magic:  1/4        EV: 12    Int: 15    God:
Gold:   9          SH:  0    Dex: 14    Spells: 3/4 levels left

rFire    . . .     SeeInvis .   b - +0 dagger
rCold    . . .     Faith    .   (no shield)
rNeg     . . .     Spirit   .   a - +0 robe
rPois    .         Reflect  .   (helmet restricted)
rElec    .         Harm     .   (no cloak)
rCorr    .         Rampage  .   (no gloves)
Will     .....                  (boots unavailable)
Stlth    ++........             (no amulet)
HPRegen  0.03/turn              (no ring)
MPRegen  0.09/turn              (no ring)

@: very slightly contaminated
A: beak, talons 3
a: no special abilities


You were on level 1 of the Dungeon.
You visited 1 branch of the dungeon, and saw 1 of its levels.

You collected 9 gold pieces.

Inventory:

Hand Weapons
 b - a +0 dagger (weapon)
Armour
 a - a +0 robe (worn)


   Skills:
 + Level 2.2 Dodging
 - Level 2.0 Stealth
 + Level 2.0 Spellcasting
 + Level 4.8 Summonings


You had 3 spell levels left.
You knew the following spells:

 Your Spells              Type           Power      Damage    Failure   Level
a - Summon Small Mammal   Summ           64%        N/A       3%          1

Your spell library contained the following spells:

 Spells                   Type           Power      Damage    Failure   Level
 Call Imp                 Summ           16%        N/A       4%          2
 Call Canine Familiar     Summ           16%        N/A       9%          3
 Summon Guardian Golem    Hex/Summ       8%         N/A       24%         3
 Summon Ice Beast         Ice/Summ       8%         N/A       63%         4
 Summon Lightning Spire   Summ/Air       8%         N/A       63%         4


Dungeon Overview and Level Annotations

Branches:
Dungeon (1/15)

Altars:


Innate Abilities, Weirdness & Mutations

You have a beak for a mouth.
You have claws for feet.


Message History

Casting: Summon Small Mammal (safe; 3% risk of failure)
Confirm with . or Enter, or press ? or * to list all spells.
Your quokka bites the goblin.
The goblin hits your quokka but does no damage.
Your quokka barely misses the goblin.
The goblin closely misses your quokka.
Your quokka bites the goblin.
The goblin dies!
You swap places.
You swap places.
You now have 9 gold pieces.
You see here a +0 dagger.
b - a +0 dagger
b - a +0 dagger (weapon)
You start resting.
Magic restored.
Your bat disappears in a puff of smoke! x2
Your quokka disappears in a puff of smoke!
A kobold comes into view.
It is wielding a +2 short sword of electrocution.
A kobold is nearby!
The kobold shouts!
Casting: Summon Small Mammal (safe; 3% risk of failure)
Confirm with . or Enter, or press ? or * to list all spells.
You miscast Summon Small Mammal.
You are very lightly contaminated with residual magic.
Nothing appears to happen.
A kobold comes into view. It is wielding a +0 whip.
The kobold shouts!
The kobold throws a stone.
The stone hits you.
Casting: Summon Small Mammal (safe; 3% risk of failure)
Confirm with . or Enter, or press ? or * to list all spells.
The kobold throws a stone.
The stone completely misses you.
Your bat hits the kobold.
The kobold throws a stone.
The stone hits your bat.
Your bat hits the kobold but does no damage.
The kobold hits you with a +2 short sword of electrocution.
Ouch! That really hurt!
Casting: Summon Small Mammal (safe; 3% risk of failure)
Confirm with . or Enter, or press ? or * to list all spells.
Your bat hits the kobold but does no damage.
The kobold hits you with a +2 short sword of electrocution.
You die...

.>###.# ......# #.##..#
#.#...### #.# ###
.(...(... ... ..#
#.#...#.# #.# #.#
#.###.# #.# #b# #.#
.#.####.# #.# #.#
........###@# #.#
#.........K#######
#.##########...........#
#....ยง..# #.##..#####.#
#######.# #.##.b# #.#
#.##..#
#######.####.##..K
.............##....
#######.###..##.....


You could see 2 kobolds and 2 friendly bats.

Vanquished Creatures (collateral kills)
  A goblin (D:1)
  A rat (D:1)
2 creatures vanquished.

Notes
Turn   | Place    | Note
-------+----------+-------------------------------------------
     0 | D:1      | Mesmaeker13 the Tengu Summoner began the quest for the Orb.
     0 | D:1      | Reached XP level 1. HP: 10/10 MP: 4/4
   212 | D:1      | Slain by a kobold

Illustrated notes

Levels and vault maps discovered:
D:1:      tarquinn_simple_flora_water_b, layout_loops_ring, serial_shops,
          shop_fountains

Action                   || total
-------------------------++-------
 Cast: Summon Small Mamm ||     6
Dodge: Dodged            ||     1

Table legend: (Time is in decaauts)
 A = Elapsed time spent in this place.
 B = Non-inter-level travel time spent in this place.
 C = Inter-level travel time spent in this place.
 D = Time resting spent in this place.
 E = Time spent auto-exploring this place.
 F = Levels seen in this place.
 G = Mean time per level.
                   A        B        C        D        E       F      G
               +--------+--------+--------+--------+--------+-----+--------+
         Total |    211 |    211 |      0 |    117 |     55 |   1 |  211.0 |
       Dungeon |    211 |    211 |      0 |    117 |     55 |   1 |  211.0 |
               +--------+--------+--------+--------+--------+-----+--------+

Top non-repeatable levels by time:
     D:1: 211 daAuts
